 Dungeon Crawl Stone Soup version 0.29.0-4-gdea44cf6ec (webtiles) character file.

Game seed: 7393481302986855765

32 qw the Caller (level 3, -4/28 HPs)
             Began as a Ghoul Summoner on Sept 10, 2022.
             Slain by Sigmund
             ... wielding a +0 scythe
              (8 damage)
             ... on level 2 of the Dungeon.
             The game lasted 00:00:40 (1981 turns).

qw the Caller (Ghoul Summoner)                      Turns: 1981, Time: 00:00:40

Health: -4/28      AC:  6    Str: 13    XL:     3   Next: 27%
Magic:  2/4        EV: 10    Int: 10    God:
Gold:   32         SH:  0    Dex:  9    Spells: 4/5 levels left

rFire   . . .      SeeInvis .   Y - +0 whip
rCold   + . .      Faith    .   (no shield)
rNeg    + + +      Spirit   .   g - +0 ring mail
rPois   inf        Reflect  .   (no helmet)
rElec   .          Harm     .   (no cloak)
rCorr   +          Rampage  .   h - +0 pair of gloves
Will    .....                   (no boots)
Stlth   +.........              (no amulet)
HPRegen 0.00/turn               d - ring of resist corrosion
MPRegen 0.09/turn               (no ring)

@: inhibited regen
A: claws 1, cold resistance 1, negative energy resistance 3, inhibited
regeneration, torment resistance 2, devour on kill
a: no special abilities


You were on level 2 of the Dungeon.
You visited 1 branch of the dungeon, and saw 2 of its levels.

You collected 32 gold pieces.


Innate Abilities, Weirdness & Mutations

You are immune to poison.
You have sharp fingernails.
Your flesh is cold resistant. (rC+)
You are immune to negative energy. (rN+++)
You do not regenerate when monsters are visible.
You are immune to unholy pain and torment.
You thrive by killing the living.


   Skills:
 + Level 1.1 Fighting
 - Level 2.2 Axes
 - Level 1.7 Dodging
 - Level 2.1 Stealth
 - Level 1.7 Spellcasting
 - Level 3.6 Summonings


You had 4 spell levels left.
You knew the following spells:

 Your Spells              Type           Power      Damage    Failure   Level
a - Summon Small Mammal   Summ           32%        N/A       16%         1

Your spell library contained the following spells:

 Spells                   Type           Power      Damage    Failure   Level
 Call Imp                 Summ           8%         N/A       24%         2
 Call Canine Familiar     Summ           8%         N/A       43%         3
 Summon Guardian Golem    Hex/Summ       4%         N/A       71%         3
 Summon Lightning Spire   Summ/Air       4%         N/A       98%         4

Inventory:

Hand Weapons
 Y - a +0 whip (weapon)
Armour
 g - a +0 ring mail (worn)
 h - a +0 pair of gloves (worn)
Jewellery
 d - a ring of resist corrosion (left hand)
Potions
 i - a potion of lignification {unknown}

Dungeon Overview and Level Annotations

Branches:
Dungeon (2/15)

Altars:

Annotations:
D:2 Sigmund


Message History

You swing at nothing.
Something hits you!
Your bat hits something.
You swing at nothing.
Your bat completely misses something.
Really attack your rat?
There is a strange disturbance nearby!
Your bat barely misses something.
You hear some strange, mumbled words.
A puff of flame appears from out of thin air!
The puff of flame hits your rat!
Your rat dies!
Your rat's corpse disappears in a puff of smoke!
You swing at nothing.
Your bat hits something. Something hits you.
Your bat closely misses something.
You swing at nothing.
Your bat hits something but does no damage.
Something hits you but does no damage.
You swing at nothing.
Your bat barely misses something.
You swing at nothing.
Something hits you but does no damage.
You swing at nothing.
Your bat closely misses something.
Something hits you.
You swing at nothing.
Your bat hits something. Something hits you.
You swing at nothing.
Your bat barely misses something.
You swing at nothing.
Your bat closely misses something.
Your bat hits something. Something hits you.
You swing at nothing.
Your bat completely misses something.
You hear some strange, mumbled words.
Something tries to affect you, but you resist.
You swing at nothing.
Your bat closely misses something.
Something hits you but does no damage.
You swing at nothing.
Your bat hits something but does no damage.
You swing at nothing.
Your bat barely misses something.
Something hits you!
You die...

#.#### #....#
####.#
#####.### ###.#
#.......# #..[#
#.#########.###
##
#...........#
..
#..##########
#.#.@..#
#....#.#
#.{..#+#
#...b...
#........#
..........#
...........#
............#
............#


You could see a friendly bat (summoned).

Vanquished Creatures
  2 ball pythons (D:1)
  An endoplasm (D:1)
  A giant cockroach (D:1)
  5 hobgoblins (D:1)
  A kobold (D:2)
  A quokka (D:1)
  A frilled lizard (D:1)
  3 rats (D:1)
15 creatures vanquished.

Vanquished Creatures (collateral kills)
  An adder (D:2)
  A ball python (D:1)
  A goblin (D:2)
  A hobgoblin (D:1)
  A frilled lizard (D:1)
  A rat (D:1)
6 creatures vanquished.

Grand Total: 21 creatures vanquished

Notes
Turn   | Place    | Note
-------+----------+-------------------------------------------
     0 | D:1      | qw the Ghoul Summoner began the quest for the Orb.
     0 | D:1      | Reached XP level 1. HP: 14/14 MP: 2/2
     0 | D:1      | 0 ||| qw: Version: 0.1-a-113-g051387a
     0 | D:1      | 0 ||| qw: Game counter: 7359
     0 | D:1      | 0 ||| qw: Always use a shield: true
     0 | D:1      | 0 ||| qw: God list: Okawaru
     0 | D:1      | 0 ||| qw: Allow faded altars: false
     0 | D:1      | 0 ||| qw: Do Orc after D:15 true
     0 | D:1      | 0 ||| qw: Do second Lair branch before Depths: true
     0 | D:1      | 0 ||| qw: Lair rune preference: random
     0 | D:1      | 0 ||| qw: Plans: Normal
     0 | D:1      | 0 ||| PLANNING D:1-11
    27 | D:1      | 27 ||| CASTING Summon Small Mammal
    28 | D:1      | 28 ||| CASTING Summon Small Mammal
    84 | D:1      | 84 ||| CASTING Summon Small Mammal
    85 | D:1      | 85 ||| CASTING Summon Small Mammal
    97 | D:1      | 97 ||| CASTING Summon Small Mammal
   160 | D:1      | 160 ||| CASTING Summon Small Mammal
   161 | D:1      | 161 ||| CASTING Summon Small Mammal
   386 | D:1      | 386 ||| CASTING Summon Small Mammal
   387 | D:1      | 387 ||| CASTING Summon Small Mammal
   390 | D:1      | Reached skill level 1 in Axes
   440 | D:1      | 440 ||| CASTING Summon Small Mammal
   441 | D:1      | 441 ||| CASTING Summon Small Mammal
   450 | D:1      | Reached XP level 2. HP: 10/22 MP: 0/3
   629 | D:1      | 629 ||| CASTING Summon Small Mammal
   630 | D:1      | 630 ||| CASTING Summon Small Mammal
   631 | D:1      | 631 ||| CASTING Summon Small Mammal
   640 | D:1      | Reached skill level 1 in Fighting
   642 | D:1      | 642 ||| CASTING Summon Small Mammal
   651 | D:1      | 651 ||| Stepping ~*~*~tactically~*~*~ (outnumbered).
   654 | D:1      | 654 ||| CASTING Summon Small Mammal
   764 | D:1      | 764 ||| Wielding weapon +0 whip.
   841 | D:1      | 841 ||| CASTING Summon Small Mammal
   842 | D:1      | 842 ||| CASTING Summon Small Mammal
   843 | D:1      | 843 ||| CASTING Summon Small Mammal
   853 | D:1      | 853 ||| CASTING Summon Small Mammal
   940 | D:1      | 940 ||| CASTING Summon Small Mammal
   941 | D:1      | 941 ||| CASTING Summon Small Mammal
   942 | D:1      | 942 ||| CASTING Summon Small Mammal
  1064 | D:1      | 1064 ||| CASTING Summon Small Mammal
  1065 | D:1      | 1065 ||| CASTING Summon Small Mammal
  1066 | D:1      | 1066 ||| CASTING Summon Small Mammal
  1112 | D:1      | 1112 ||| CASTING Summon Small Mammal
  1113 | D:1      | 1113 ||| CASTING Summon Small Mammal
  1114 | D:1      | 1114 ||| CASTING Summon Small Mammal
  1209 | D:1      | 1209 ||| CASTING Summon Small Mammal
  1210 | D:1      | 1210 ||| CASTING Summon Small Mammal
  1211 | D:1      | 1211 ||| CASTING Summon Small Mammal
  1347 | D:1      | 1347 ||| CASTING Summon Small Mammal
  1348 | D:1      | 1348 ||| CASTING Summon Small Mammal
  1349 | D:1      | 1349 ||| CASTING Summon Small Mammal
  1435 | D:1      | Found a faded altar of an unknown god.
  1506 | D:1      | 1506 ||| CASTING Summon Small Mammal
  1507 | D:1      | 1507 ||| CASTING Summon Small Mammal
  1508 | D:1      | 1508 ||| CASTING Summon Small Mammal
  1653 | D:1      | 1653 ||| UPGRADING to +0 ring mail.
  1663 | D:1      | 1663 ||| DROPPING +0 robe.
  1664 | D:1      | 1664 ||| UPGRADING to +0 pair of gloves.
  1669 | D:1      | 1669 ||| DROPPING amulet of faith.
  1670 | D:1      | 1670 ||| UPGRADING to ring of resist corrosion.
  1671 | D:1      | 1671 ||| READING scroll labelled JELUFA QEEME.
  1672 | D:1      | 1672 ||| DROPPING potion of magic.
  1737 | D:2      | 1737 ||| CASTING Summon Small Mammal
  1738 | D:2      | 1738 ||| CASTING Summon Small Mammal
  1739 | D:2      | 1739 ||| CASTING Summon Small Mammal
  1789 | D:2      | 1789 ||| Stepping ~*~*~tactically~*~*~ (stealth).
  1793 | D:2      | 1793 ||| Stepping ~*~*~tactically~*~*~ (stealth).
  1794 | D:2      | 1794 ||| CASTING Summon Small Mammal
  1795 | D:2      | 1795 ||| CASTING Summon Small Mammal
  1796 | D:2      | 1796 ||| CASTING Summon Small Mammal
  1806 | D:2      | 1806 ||| CASTING Summon Small Mammal
  1851 | D:2      | 1851 ||| CASTING Summon Small Mammal
  1852 | D:2      | 1852 ||| CASTING Summon Small Mammal
  1853 | D:2      | 1853 ||| CASTING Summon Small Mammal
  1861 | D:2      | Reached XP level 3. HP: 27/28 MP: 0/4
  1953 | D:2      | Noticed Sigmund
  1954 | D:2      | 1954 ||| CASTING Summon Small Mammal
  1955 | D:2      | 1955 ||| CASTING Summon Small Mammal
  1956 | D:2      | 1956 ||| CASTING Summon Small Mammal
  1957 | D:2      | 1957 ||| CASTING Summon Small Mammal
  1974 | D:2      | HP: 6/28 [something (5)]
  1981 | D:2      | Slain by Sigmund

Levels and vault maps discovered:
D:1:      kennysheep_arrival_seaside, layout_loops_corners,
          dreamdust_ecumenical_altar_angels_and_demons, lemuel_old_faithful
D:2:      layout_basic, uniq_sigmund

Skill      XL: |  1  2 |
---------------+-------+-----
Axes           | 1 2 |  2.2
Fighting       | 1 |  1.1
Dodging        | |  1.7
Stealth        | |  2.1
Spellcasting   | |  1.7
Summonings     | |  3.6

Action                   || total
-------------------------++-------
Melee: Unarmed           ||    33
       Whip              ||    38
 Cast: Summon Small Mamm ||    50
  Use: Scroll            ||     1
Armor: Robe              ||    11
       Ring mail         ||    11
Dodge: Dodged            ||    35

Table legend:
 A = Non-vault XP
 B = Vault XP
 C = Vault XP percentage of total XP
 D = Non-vault monster count
 E = Vault monster count
 F = Vault count percentage of total count
                 A         B        C        D         E       F
            +---------+---------+-------+---------+---------+-------
      Total |      47 |       0 |   0.0 |      21 |       0 |   0.0
            +---------+---------+-------+---------+---------+-------
        D:1 |      29 |       0 |   0.0 |      18 |       0 |   0.0
        D:2 |      18 |       0 |   0.0 |       3 |       0 |   0.0
            +---------+---------+-------+---------+---------+-------
